Cogmind - Beta 15 @@@ ROGUE MODE // 2025.07.20 @ 17:54:12 Player: vorpal Result: Destroyed by S-10 Pest with Light Assault Rifle Performance ------------- Evolutions (1) 500 Regions Visited (3) 600 Robots Destroyed (31) 155 Value Destroyed (821) 821 Prototype IDs (1) 20 Alien Tech Used (0) 0 Bonus (0) 0 TOTAL SCORE: 2096 Bonus ------- None Cogmind --------- Core Integrity 0/400 Matter 18/300 Energy 176/250 System Corruption 5% Temperature Cool (26) Movement Rolling (105) Ox1 Location -9/Materials Parts ------- > --- POWER (1) -------- Ion Engine > --- PROPULSION (3) --- Armored Wheel > --- UTILITY (3) ------ Medium Storage Unit Core Shielding Core Shielding > --- WEAPON (2) ------- Mini Grenade Launcher > --- INVENTORY (10) --- Light Ion Engine Experimental Sensor Array Light EM Pulse Cannon Particle Cannon Light Assault Rifle Light Assault Rifle Datajack Peak State ------------ > --- POWER ------------ Improved Ion Engine > --- PROPULSION ------- Light Treads Aluminum Leg Armored Wheel > --- UTILITY ---------- Medium Storage Unit ECM Suite Light Armor Plating > --- WEAPON ----------- Improved Assault Rifle Grenade Launcher > --- INVENTORY -------- Ion Engine Light Ion Engine Small Storage Unit Experimental Sensor Array Light EM Pulse Cannon Particle Cannon Light Assault Rifle Light Assault Rifle Light Assault Rifle Datajack [Rating: 15] Favorites ----------- Power Ion Engine Engine Ion Engine Propulsion Aluminum Leg Treads Light Treads Leg Aluminum Leg Wheel Armored Wheel Utility Medium Storage Unit Device Heat Sink Storage Medium Storage Unit Protection Light Armor Plating Weapon Assault Rifle Energy Gun Medium Laser Energy Cannon Light EM Pulse Cannon Ballistic Gun Assault Rifle Launcher Grenade Launcher Build | -11 -10 -10 -9 ------- Run | Yrd Mat Min Mat Slots Evolved 2 | . . . 2 Power . | . . . . Propulsion 1 | . . . 1 Utility 1 | . . . 1 Weapon . | . . . . Parts Attached 33 | 6 1 8 18 Power 5 | 1 . 2 2 Engine 5 | 1 . 2 2 Core . | . . . . Reactor . | . . . . Propulsion 10 | 2 . 3 5 Treads 1 | . . . 1 Leg 8 | 2 . 3 3 Wheel 1 | . . . 1 Hover . | . . . . Flight . | . . . . Utility 7 | 1 . 2 4 Device 2 | . . 1 1 Storage 2 | 1 . 1 . Processor . | . . . . Hackware . | . . . . Protection 3 | . . . 3 Artifact . | . . . . Weapon 11 | 2 1 1 7 Energy Gun 1 | 1 . . . Energy Cannon 1 | . . . 1 Ballistic Gun 5 | 1 1 1 2 Ballistic Cannon . | . . . . Launcher 4 | . . . 4 Special Weapon . | . . . . Impact Weapon . | . . . . Slashing Weapon . | . . . . Piercing Weapon . | . . . . Special Melee Weapon . | . . . . Unidentified Prototypes 1 | . . . 1 Parts Lost 11 | . . 1 10 Power 1 | . . . 1 Propulsion 4 | . . . 4 Utility 2 | . . 1 1 Weapon 4 | . . . 4 Highest Loss Streak 6 | . . 1 6 To Critical Strikes . | . . . . Average Backups 7 | 2 3 7 8 Power 1 | . 1 1 2 Propulsion . | . . . . Utility 1 | . . 1 1 Weapon 3 | 1 1 3 3 Tool/Special . | . . . . Unused Backups 5 | . . . 5 Power 1 | . . . 1 Propulsion . | . . . . Utility 1 | . . . 1 Weapon 2 | . . . 2 Tool/Special 1 | . . . 1 Average Slot Usage (%) 78 | . 85 80 75 Engine 12 | . 14 14 10 Treads 1 | . . . 4 Leg 26 | . 28 28 23 Device 4 | . . 7 . Storage 12 | . 14 14 11 Protection 1 | . . . 5 Energy Gun 3 | . 14 4 . Ballistic Gun 11 | . 14 11 10 Launcher 2 | . . . 6 Peak Build Rating 15 | 6 6 7 15 Average Rating 7 | 3 6 6 10 On Entrance 4 | . 6 6 6 Naked Turns . | . . . . Heaviest Build 28 | 14 14 18 28 Greatest Support 30 | 20 20 20 30 Greatest Overweight (x) 7 | 3 . . 7 Average Overweight (x) . | . . . . Largest Inventory Capacity 10 | 8 8 10 10 Average Capacity 9 | 7 8 9 10 Most Carried 10 | 4 4 10 10 Average Carried 7 | 2 3 7 9 Final Capacity 10 | 8 8 10 10 Final Carried 8 | 2 4 8 7 Class Distribution -------------------- 80% | Mutant 19% | Scavenger-Mutant Dominant Class ---------------- Mutant | -10/Materials Mutant | -10/Mines Scavenger-Mutant | -9/Materials Resources | -11 -10 -10 -9 ----------- Run | Yrd Mat Min Mat Matter Collected 631 | 226 45 212 148 Remotely . | . . . . Salvage Created 806 | . 67 400 339 Parts 54 | . 8 17 29 Haulers Intercepted . | . . . . Recyclers Shooed 1 | . . 1 . Parts Field Recycled . | . . . . Retrieved Matter . | . . . . Parts Self-Destructed . | . . . . Prevented . | . . . . Kills | -11 -10 -10 -9 ------- Run | Yrd Mat Min Mat Combat Hostiles Destroyed 26 | . 3 9 14 Guns 13 | . 3 9 1 Cannons 1 | . . . 1 AOE 12 | . . . 12 Classes Destroyed 7 | . 2 2 3 Builder 3 | . . . 3 Recycler 1 | . . 1 . Watcher 1 | . 1 . . Swarmer 9 | . 3 3 3 Grunt 14 | . . 6 8 Brawler 1 | . . . 1 Sentry 2 | . . . 2 Best Kill Streak 7 | . 3 3 7 Combat Bots Only 5 | . 3 3 5 Max Kills in Single Turn 4 | . 1 1 4 Gunslinging . | . . . . Exploded 2 | . . . 2 Melee . | . . . . Uniques/NPCs Destroyed . | . . . . Combat | -11 -10 -10 -9 -------- Run | Yrd Mat Min Mat Hostile Shots Fired 269 | . 25 64 180 Missed 85 | . 8 19 58 Hits 184 | . 17 45 122 Projectile 184 | . 17 45 122 Critical Strikes 2 | . . 1 1 Damage Taken 2390 | . 141 540 1709 Core 525 | . 29 93 403 Absorbed by Shields . | . . . . Redirected to Shielding 50 | . . . 50 Core Remaining (%) 75 | 100 . 51 . Volleys Fired 107 | . 9 57 41 Largest 2 | . 2 1 2 Hottest 70 | . 70 50 56 Shots Fired 111 | . 12 57 42 Gun 83 | . 12 57 14 Cannon 7 | . . . 7 Launcher 21 | . . . 21 Special . | . . . . Kinetic 45 | . 3 28 14 Thermal 38 | . 9 29 . Explosive 21 | . . . 21 Electromagnetic 7 | . . . 7 Robot Hit Streak 13 | . 6 11 13 Robot Miss Streak 4 | . 3 4 2 Penetration Max . | . . . . Secondary Targets 1 | . 1 . . Max Gunslinging Chain 1 | . 1 . . Shots Hit Robots 82 | . 8 43 31 Core Hits 47 | . 4 20 23 Critical Kills . | . . . . Critical Parts Destroyed . | . . . . Critical Strikes 2 | . . 2 . Burn 2 | . . 2 . Melee Attacks . | . . . . Impact . | . . . . Slashing . | . . . . Piercing . | . . . . Sneak Attacks . | . . . . Combat Hostiles . | . . . . Follow-up Attacks . | . . . . Damage Inflicted 2048 | . 108 558 1382 Guns 782 | . 102 536 144 Cannons 131 | . . . 131 Explosions 1107 | . . . 1107 Melee . | . . . . Ramming 28 | . 6 22 . Kinetic 382 | . 15 223 144 Thermal 400 | . 87 313 . Explosive 1107 | . . . 1107 Electromagnetic 131 | . . . 131 Impact . | . . . . Slashing . | . . . . Piercing . | . . . . Highest Corruption 5 | . . . 5 Average Corruption 5 | . . . 5 Corruption Purged . | . . . . Corruption Blocked . | . . . . Effects 9 | . . . 9 Message Errors 4 | . . . 4 Heat Flow Errors 1 | . . . 1 Energy Discharges 1 | . . . 1 Parts Rejected 1 | . . . 1 Data Loss (minor) 1 | . . . 1 Alerts 1 | . . . 1 Overload Shots . | . . . . Overflow Damage 80 | . . . 80 Projectiles . | . . . . Explosions 80 | . . . 80 Melee . | . . . . Knockbacks . | . . . . Impact . | . . . . Kinetic . | . . . . Secondary . | . . . . Self-Inflicted Damage 263 | . . . 263 Shots 10 | . . . 10 Rammed . | . . . . Targets Rammed 5 | . 1 4 . Kicked 5 | . 1 4 . Crushed . | . . . . Highest Temperature 264 | . 47 179 264 Average Temperature 59 | . 17 64 77 Received Heat Transfer 855 | . . 267 588 Siege Activations . | . . . . Martial Activations . | . . . . Shielding Activations . | . . . . Robots Disrupted . | . . . . Combat Hostiles . | . . . . Robots Corrupted . | . . . . Combat Hostiles . | . . . . Parts Fried . | . . . . Impact Corruptions . | . . . . Robots Melted . | . . . . Combat Hostiles . | . . . . Parts Melted 1 | . . 1 . Heat Transferred 1332 | . 259 1073 . Parts Sabotaged . | . . . . Parts Stolen . | . . . . Parts Stripped . | . . . . Power Chain Reactions . | . . . . Alert | -11 -10 -10 -9 ------- Run | Yrd Mat Min Mat Maximum Alert Level 1 | . . . 1 Low Security (%) 96 | 100 100 100 89 Level 1 3 | . . . 10 Level 2 . | . . . . Level 3 . | . . . . Level 4 . | . . . . Level 5 . | . . . . High Security . | . . . . Max Security . | . . . . Peak Influence 395 | . 70 62 395 Initial 2 | . . 2 . Average 28 | . 23 13 57 Influence Increases 918 | . 77 240 601 Destroy 0b10 Robot/C 520 | . 60 180 280 Destroy 0b10 Robot/NC 25 | . 5 5 15 Destroy Leader 122 | . 12 40 70 Successful Hack 17 | . . . 17 Disable Machine 60 | . . . 60 Destroy Structure 99 | . . . 99 Lose Combat Pursuer 75 | . . 15 60 Influence Decreases 523 | . 70 247 206 Entered New Map 5 | . . 5 . Time Decay 428 | . 70 232 126 Lost Part 90 | . . 10 80 Squads Dispatched 4 | . 2 . 2 Investigation 3 | . 1 . 2 Extermination . | . . . . Reinforcement 1 | . 1 . . Assault . | . . . . Garrison . | . . . . Intercept . | . . . . Searches Triggered . | . . . . Construction Impeded . | . . . . Haulers Reinforced . | . . . . Active Scanning Responses . | . . . . Cargo Convoy Interrupts . | . . . . Stealth | -11 -10 -10 -9 --------- Run | Yrd Mat Min Mat Distress Signals 1 | . . . 1 Communications Jammed . | . . . . Distress Signals . | . . . . Times Spotted 38 | . 7 10 21 Peak Tracking Total 8 | . 3 3 8 Tactical Retreats 3 | . . 1 2 Traps | -11 -10 -10 -9 ------- Run | Yrd Mat Min Mat Traps Triggered 2 | . 1 . 1 Indirectly . | . . . . Trap Hack Attempts . | . . . . Triggered . | . . . . Disarmed . | . . . . Reprogrammed . | . . . . Reused . | . . . . Traps Extracted . | . . . . Installed . | . . . . Triggered . | . . . . Machines | -11 -10 -10 -9 ---------- Run | Yrd Mat Min Mat Machines Disabled 5 | . 1 . 4 Max in Single Turn 2 | . 1 . 2 Machines Repaired . | . . . . Machines Dismantled . | . . . . Machines Sabotaged . | . . . . Overloaded Fab Kills . | . . . . Hacking | -11 -10 -10 -9 --------- Run | Yrd Mat Min Mat Machines Accessed 4 | . . . 4 Terminals 2 | . . . 2 Fabricators . | . . . . Repair Stations . | . . . . Recycling Units 1 | . . . 1 Scanalyzers 1 | . . . 1 Garrison Access . | . . . . Total Hacks 10 | . . . 10 Successful 7 | . . . 7 Failed 3 | . . . 3 Catastrophic . | . . . . Database Lockouts . | . . . . Manual 5 | . . . 5 Terminals 7 | . . . 7 Fabricators . | . . . . Repair Stations . | . . . . Recycling Units 1 | . . . 1 Scanalyzers 2 | . . . 2 Garrison Access . | . . . . Terminal Hacks 4 | . . . 4 Record 1 | . . . 1 Emergency Access Points 1 | . . . 1 Locate Traps 1 | . . . 1 Zone Layout 1 | . . . 1 Fabricator Hacks . | . . . . Repair Station Hacks . | . . . . Recycling Unit Hacks 1 | . . . 1 Process 1 | . . . 1 Scanalyzer 2 | . . . 2 Insert Component 1 | . . . 1 Analyze 1 | . . . 1 Garrison Access Hacks . | . . . . Unauthorized Hacks . | . . . . Terminals . | . . . . Fabricators . | . . . . Repair Stations . | . . . . Recycling Units . | . . . . Scanalyzers . | . . . . Garrison Access . | . . . . Data Cores Recovered . | . . . . Used . | . . . . Hacking Detections 3 | . . . 3 Full Trace Events 2 | . . . 2 Feedback Events . | . . . . Feedback Blocked . | . . . . Robot Schematics Acquired . | . . . . Robots Built . | . . . . Authchips . | . . . . Time . | . . . . Total Robot Build Rating . | . . . . Part Schematics Acquired 1 | . . . 1 Parts Built . | . . . . Authchips . | . . . . Time . | . . . . Total Part Build Rating . | . . . . Parts Repaired . | . . . . Time . | . . . . Parts Recycled . | . . . . Recycled Matter 16 | . . . 16 Retrieved Matter . | . . . . Retrieved Components . | . . . . Parts Scanalyzed 1 | . . . 1 Part Schematics Acquired 1 | . . . 1 Parts Damaged . | . . . . Bothacking | -11 -10 -10 -9 ------------ Run | Yrd Mat Min Mat Used RIF Installer . | . . . . Robots Hacked . | . . . . Non-combat . | . . . . Combat . | . . . . Robot Hacks Applied . | . . . . Relay Couplers Released . | . . . . Fabnet Peak Effective % . | . . . . Robots Rewired . | . . . . Allies Hacked . | . . . . Hacks Repelled . | . . . . Allies | -11 -10 -10 -9 -------- Run | Yrd Mat Min Mat Total Allies . | . . . . Largest Group . | . . . . Highest-Rated Group . | . . . . Highest-Rated Ally . | . . . . Total Orders . | . . . . Ally Attacks . | . . . . Total Damage . | . . . . Kills . | . . . . Allies Corrupted . | . . . . Allies Melted . | . . . . Intel | -11 -10 -10 -9 ------- Run | Yrd Mat Min Mat Active Infowar (turns) 20 | . . . 20 ECM 20 | . . . 20 Robot Analysis Total . | . . . . Derelict Logs Recovered 2 | . . 2 . Drone Launches . | . . . . Drone Recoveries . | . . . . Exploration | -11 -10 -10 -9 ------------- Run | Yrd Mat Min Mat Turns Passed 1977 | 66 214 1024 673 Spaces Moved 1236 | 47 157 704 328 Core 23 | 22 . . 1 Treads 89 | . . . 89 Legs 1073 | 25 157 704 187 Wheels 51 | . . . 51 Hover . | . . . . Flight . | . . . . Fastest Speed 50 | 50 120 120 90 Average Speed 129 | 117 120 120 157 Slowest Speed 400 | 200 120 120 400 Overloaded Moves . | . . . . Propulsion Burnouts . | . . . . Robots Hopped . | . . . . Potential Cave-ins . | . . . . Cave-ins Triggered . | . . . . Exploration Rate (%) 39 | 4 28 99 27 Regions Visited 3 Branch Regions 1 Pre-discovered Areas . | . . . . Known Exits Taken . | . . . . Unknown Exits Taken 3 | 1 1 1 . Scrap Searched 2 | . . 2 . Spaces Dug 24 | . . . 24 Terrain Destroyed 120 | . . . 120 Melee . | . . . . Projectile . | . . . . AOE 120 | . . . 120 Terrain Rammed . | . . . . Walls Destroyed . | . . . . Machines Disabled . | . . . . Actions | -11 -10 -10 -9 --------- Run | Yrd Mat Min Mat Total 1492 | 56 170 823 443 Wait 65 | . 1 35 29 Move 1233 | 46 156 703 328 Hop . | . . . . Pick Up 17 | 4 1 4 8 Fast Attach 16 | 4 1 1 10 Attach 12 | 2 . 1 9 Detach 6 | . 1 1 4 Swap 15 | . . 11 4 Drop 16 | . . 6 10 Fire 107 | . 9 57 41 Melee . | . . . . Ram . | . . . . Kick 5 | . 1 4 . Crush . | . . . . Escape Stasis . | . . . . Rewire . | . . . . Trap . | . . . . Miscellaneous . | . . . . Route ------- -11/Scrapyard -10/Materials -10/Mines (discovered 2 exits: *Mat x2) -9/Materials (discovered 5 exits: Mat x2 / *Min x2 / [*Sto]) History --------- Turn | Location | Event 9 | -11/Scrapyard | Discovered new exit (range 16) 67 | -11/Scrapyard | Entered Materials 117 | -10/Materials | Discovered new exit (range 9) 281 | -10/Materials | Entered Mines 303 | -10/Mines | Build established: Mutant 479 | -10/Mines | Learned 8 Materials zone layouts 485 | -10/Mines | Found a damaged Exp. Sensor Array with a note attached 487 | -10/Mines | Found Prototype Device 589 | -10/Mines | Discovered new exit (range 8) 750 | -10/Mines | Discovered new exit (range 12) 820 | -10/Mines | Learned Materials garrison access intel 1305 | -10/Mines | Entered Materials 1305 | -9/Materials | Evolved 2 slots: Propulsion x1, Utility x1 1306 | -9/Materials | Identified exit to Materials 1306 | -9/Materials | Identified exit to Mines 1311 | -9/Materials | Discovered new exit (range 7) 1817 | -9/Materials | Discovered exit to Mines (range 13) 1957 | -9/Materials | Core integrity fell below 50% 1968 | -9/Materials | Core integrity fell below 20% 1978 | -9/Materials | Destroyed by S-10 Pest with Light Assault Rifle Last Messages --------------- 01963_ U-05 Engineer lays Concrete. 01964_ Mni. Grenade Launcher destroyed. 01964_ Destroyed Mni. Grenade Launcher. 01964_ U-05 Engineer lays Concrete. 01966_ The unstable cave ceiling collapses. 01966_ U-05 Engineer lays Concrete. 01969_ U-05 Engineer builds a Wall. 01969_ U-05 Engineer destroyed. 01970_ U-05 Engineer lays Concrete. 01971_ G-34 Mercenary destroyed. 01971_ U-05 Engineer destroyed. 01971_ B-36 Bruiser destroyed. 01971_ U-05 Engineer destroyed. [Achievement: Oops] 01975_ Acquired 27 matter. 01976_ The unstable cave ceiling collapses. 01976_ Welding Torch crushed. 01976_ Matter Pump disabled. 01976_ S-10 Pest destroyed. 01978_ The unstable cave ceiling collapses. Map ----- +----------------------------------------------------+ | ## # + # ?????????????????????? | | ########### #""" # "?????????????????????? | | #?????????# #""" # "?????????????????????? | | #?????????# #""" # "?????????????????????? | | #?????????# # # ?????????????????????? | | ########### ########## "?????????????????????? | | ## """ # "?????????????????????? | | ## "T" # "?????????????????????? | | ## # ?????????????????????? | | ############ ### #####?????????????????????? | | ???#####???# #?# ##?## + """ # # "" | | ??? #???# ######+#### # # ## """ # # "" | | ???""" #???# ! ## """ # # "T | | ???""" #???# ## # # "" | | ???""" #???# #####+##### # "" | | ??? #???# """ "" " #???# #???# # | | ???""" ##### """ "" " #??## ##### ##### | | ???""" # """ "" "" #??# #???? | | ???""" # % #??# #???? | | ??? + s t #??# #???? | | ??? # #####T## #??# ########???? | | ??? # ######## # # #??# # #???? | | ??? # # # * #### # #???? | | ???##### # =% # + #???? | | #?# # r * g # """ #???? | | #?# # # !=@ # """ #???? | | ### # ##[%* # """ #???? | | ## # ## = =!! #k ########???? | | ### + ## !!%## ##### #??????????? | | #?# # ## !*##?#???# #??????????? | | ######## # ## ]#??????# #??????????? | | ## ##+######## ##?????# ###########? | | # # # #????# ## #? | | > # # # Y ###???## ## #? | | ########/######### # """ #? | | "##+### % #?????????? | | !" "# ## T ???????????? | | """"""# ## #?????????? | | ####### #" ####### ??????????? | | ??????# #T """"" """ #??????????#??????????? | | ??????# #" """ """ #?????????????????????? | | ??????# ## #?????????????????????? | | ??????# ## = ????????????????????? | | ??????###### !???????????????????? | | ??????????# !!??????????????????? | | ??????????## ##"Y"## ## !!??????????????????? | | ???????????# #"""## #? !!#?????????????????? | | ???????????# ###### #? !!#?????????????????? | | ??########### ##????# #??###?????????????????? | | ??# # ####### #??????????????????????? | +----------------------------------------------------+ Best States ------------- Heat Dissipation 35 Energy Generation 12 Energy Capacity 265 Matter Stores 300 Matter Capacity 300 Sight Range 16 Terrain Scan Density 10 ECM Strength 1 Armor Coverage 150 Core Shielding 20 Evasion (%) 55 Recoil Reduction 1 Item Schematics ----------------- Mni. Grenade Launcher | -9/Materials | Scanalyzed Robot Schematics ------------------ None Fabricated ------------ Nothing Repaired ---------- Nothing Alien Tech Used ----------------- None Achievements -------------- Oops Risk Taker Challenges ------------ None Game ------ Seed CryofiberTowerCalibrator Manual? 0 Play Time 00:42:06 Cumulative 5.0 hours Start 2025.07.20 @ 16:49:33 End 2025.07.20 @ 17:54:12 Sessions 1 Manual Loads 0 Difficulty Rogue Special Mode None Game No. 6 Rogue 6 Adventurer 0 Explorer 0 Win Type - Total 0 Types 0/0/0/0/0/0/0/0/0/0 Lore% 6 Gallery% 4 Achievement% 7 Wizard Run 0 Options --------- Layout 1 ASCII 0 Keyboard 0 Movement Mouse Keybinds 0 Fullscreen 2 Font 24/Crisp Map View 50x35 Zoom Use 0% Tactical HUD 1 Map Filters NONE Filters NONE Steam 1 RUN: ec68ac8f-f6e5-4ceb-9391-3fea054e2cbb